 Dungeon Crawl Stone Soup version 0.23-a0-404-g0063841 (webtiles) character file.

1880 George the Skirmisher (level 8, -8/74 HPs)
             Began as a Minotaur Fighter on Nov 5, 2018.
             Was a Believer of the Shining One.
             Mangled by a seven-headed hydra (9 damage)
             ... on level 7 of the Dungeon.
             The game lasted 00:07:42 (4422 turns).

George the Skirmisher (Minotaur Fighter)            Turns: 4422, Time: 00:07:43

Health: -8/74      AC: 13    Str: 29    XL:     8   Next: 91%
Magic:  4/7        EV:  7    Int: 10    God:    the Shining One [**....]
Gold:   382        SH: 17    Dex:  9    Spells: 7/7 levels left

rFire    . . .     SeeInvis .   u - +0 rapier
rCold    . . .     Gourm    .   c - +0 shield
rNeg     + . .     Faith    +   p - +0 chain mail
rPois    +         Spirit   .   (helmet restricted)
rElec    .         Reflect  .   m - +0 cloak
rCorr    .         Harm     .   (no gloves)
MR       .....                  y - +0 pair of boots
Stlth    ..........             o - amulet of faith
HPRegen  0.22/turn              g - ring of poison resistance
MPRegen  0.10/turn              k - +5 ring of intelligence

@: mighty, divine shield, glowing
A: retaliatory headbutt, horns 2
a: Divine Shield, Renounce Religion


You were on level 7 of the Dungeon.
You worshipped the Shining One.
The Shining One was pleased with you.
You were not hungry.

You visited 1 branch of the dungeon, and saw 7 of its levels.

You collected 382 gold pieces.

Inventory:

Hand Weapons
 a - a +0 long sword
 u - a +0 rapier (weapon)
Armour
 c - a +0 shield (worn)
 m - a +0 cloak (worn)
 p - a +0 chain mail (worn)
 x - a scarf of cloud immunity
 y - a +0 pair of boots (worn)
Jewellery
 g - a ring of poison resistance (left hand)
 k - a +5 ring of intelligence (right hand)
 o - an amulet of faith (around neck)
Wands
 C - a wand of iceblast (4)
Scrolls
 b - a scroll of amnesia {unknown}
 e - 5 scrolls of identify {unknown}
 i - 3 scrolls of teleportation {unknown}
 q - 3 scrolls of remove curse {unknown}
 t - 2 scrolls of immolation {unknown}
 z - a scroll of fear {unknown}
 A - a scroll of summoning {unknown}
 B - 2 scrolls of enchant weapon {unknown}
Potions
 h - 4 potions of curing {unknown}
 j - 2 potions of lignification {unknown}
 l - a potion of degeneration {unknown}
 n - a potion of resistance {unknown}
 r - a potion of haste {unknown}
 s - a potion of magic {unknown}
 v - a potion of heal wounds
 w - a potion of mutation {unknown}
Comestibles
 f - 10 rations


   Skills:
 + Level 7.8 Fighting
 + Level 7.3 Long Blades
 + Level 7.8 Armour
 + Level 7.8 Shields


You had 7 spell levels left.
You didn't know any spells.
Your spell library was empty.

Dungeon Overview and Level Annotations

Branches:
Dungeon (7/15)             Temple (0/1) D:5

Altars:
Gozag
Qazlal
The Shining One

Shops:
D:5 ?}   D:7 *((


Innate Abilities, Weirdness & Mutations

You reflexively headbutt those who attack you in melee.
You have a pair of horns on your head.


Message History

* * * LOW HITPOINT WARNING * * *
You feel very mighty all of a sudden. The seven-headed hydra bites you.
* * * LOW HITPOINT WARNING * * *
The seven-headed hydra barely misses you.
The seven-headed hydra bites you.
* * * LOW HITPOINT WARNING * * *
You block the seven-headed hydra's attack.
The seven-headed hydra bites you!
* * * LOW HITPOINT WARNING * * *
The seven-headed hydra bites you but does no damage. x2
You hit the seven-headed hydra. You headbutt the seven-headed hydra!
The seven-headed hydra is severely wounded.
You block the seven-headed hydra's attack. x3
The seven-headed hydra bites you but does no damage.
You block the seven-headed hydra's attack.
The seven-headed hydra bites you! The Shining One protects you from harm!
The seven-headed hydra bites you!
You die...

#. ###'#### #......##.#
#.......#.# #.......#.#
#.......#.# #
#......##.# # #......#
.# # ...#####'###.# #
........†D@..# #
##+#######.#.##.# #
#........#.#.# ... #
#.....##.#<#.# ..PP. #
#..........#.. .P∩P.# #
#........#.#.. .P.P.# #
#......###.#........#
####..........#.#..$...#
..###'#########


You could see a seven-headed hydra.

Vanquished Creatures
  Grinder (D:3)
  Edmund (D:5)
  Duvessa (D:5)
  An ice beast (D:7)
  3 ogres
  3 bullfrogs
  Dowan (D:5)
  A water moccasin skeleton (D:6)
  An electric eel (D:6)
  A crimson imp (D:6)
  A centaur zombie (D:6)
  A quasit (D:7)
  A hound (D:4)
  2 jellies
  3 centaur skeletons
  2 orc priests (D:4)
  An orc wizard (D:3)
  Jessica (D:2)
  An iguana (D:6)
  5 worker ants
  A hound zombie (D:6)
  A hound skeleton (D:7)
  A howler monkey skeleton (D:4)
  7 adders
  A shadow imp (D:7)
  An adder skeleton (D:5)
  A worm (D:4)
  3 dart slugs
  32 orcs
  A ball python (D:3)
  6 giant cockroaches
  2 goblins (D:1)
  7 hobgoblins
  13 jackals
  A quokka (D:6)
  3 bats
  7 frilled lizards
  7 kobolds
  A quokka zombie (D:6)
  9 rats
137 creatures vanquished.

Notes
Turn   | Place    | Note
-------+----------+-------------------------------------------
     0 | D:1      | George the Minotaur Fighter began the quest for the Orb.
     0 | D:1      | Reached XP level 1. HP: 19/19 MP: 0/0
    89 | D:1      | Reached XP level 2. HP: 25/27 MP: 1/1
   245 | D:1      | Reached XP level 3. HP: 29/33 MP: 2/2
   606 | D:2      | Found a glowing golden altar of the Shining One.
   611 | D:2      | Became a worshipper of the Shining One
   636 | D:2      | Noticed Jessica
   644 | D:2      | Killed Jessica
  1236 | D:3      | Noticed Grinder
  1241 | D:3      | Paralysed by Grinder for 3 turns
  1267 | D:3      | Paralysed by Grinder for 5 turns
  1274 | D:3      | Killed Grinder
  1274 | D:3      | Reached skill level 5 in Fighting
  1274 | D:3      | Reached skill level 5 in Armour
  1274 | D:3      | Reached skill level 5 in Shields
  1274 | D:3      | Reached XP level 4. HP: 17/42 MP: 3/3
  1274 | D:3      | Reached XP level 5. HP: 20/48 MP: 4/4
  1371 | D:3      | Reached XP level 6. HP: 41/56 MP: 5/5
  1479 | D:3      | Found a stormy altar of Qazlal.
  1481 | D:3      | Noticed a fire elemental
  1482 | D:3      | Noticed an air elemental
  1482 | D:3      | Noticed a water elemental
  1691 | D:3      | Reached * piety under the Shining One
  2170 | D:4      | Reached skill level 5 in Long Blades
  2170 | D:4      | Reached XP level 7. HP: 49/62 MP: 6/6
  2182 | D:4      | Found an opulent altar of Gozag.
  2569 | D:4      | Reached ** piety under the Shining One
  2661 | D:5      | Entered Level 5 of the Dungeon
  2695 | D:5      | Noticed Dowan
  2696 | D:5      | Noticed Duvessa
  2708 | D:5      | Killed Duvessa
  2714 | D:5      | Killed Dowan
  2812 | D:5      | Reached XP level 8. HP: 33/71 MP: 7/7
  3035 | D:5      | Found Wuicziw's Gadget Emporium.
  3038 | D:5      | Found Xizeloiw's Magic Scroll Shop.
  3104 | D:5      | Noticed Edmund
  3125 | D:5      | Killed Edmund
  3345 | D:5      | Found a staircase to the Ecumenical Temple.
  4234 | D:7      | Found Zoiza's Antique Weapon Shoppe.
  4362 | D:7      | Found Dalutuc's Assorted Antiques.
  4365 | D:7      | Reached *** piety under the Shining One
  4406 | D:7      | Found Teec's Antique Weapon Boutique.
  4408 | D:7      | Noticed a seven-headed hydra
  4421 | D:7      | HP: 1/74 [seven-headed hydra (8)]
  4422 | D:7      | The Shining One protects you from harm!
  4422 | D:7      | Mangled by a seven-headed hydra

Vault maps used:
D:1:      kennysheep_arrival_seaside
D:2:      tso_metal_star, uniq_jessica
D:3:      nicolae_qazlal_style_of_elements, first_ration, serial_corexii_hall,
          corexii_hall_statues_l, chequers_hall_statues_corner_a,
          hangedman_decor_clover_reticule, kennysheep_generic_room_14,
          uniq_grinder
D:4:      nicolae_gozag_seed_capital
D:5:      minmay_temple_entry_purple_smoke, serial_shops, nicolae_shop_stone,
          shop, uniq_duvessa, uniq_edmund
D:6:      cheibrodos_helix_gallery
D:7:      serial_shops, nicolae_shop_trees, nicolae_shop_overgrown_old_shop,
          nicolae_shop_behind_doors

Skill      XL: |  1  2  3  4  5  6  7  8 |
---------------+-------------------------+-----
Armour         | 4 5 6 7 |  7.8
Shields        | 4 5 6 7 |  7.8
Fighting       | 4 5 6 7 |  7.8
Long Blades    | 3 4 5 6 7 |  7.3

Action                   |  1- 3 |  4- 6 |  7- 9 || total
-------------------------+-------+-------+-------++-------
Melee: Long sword        |    76 |   109 |   184 ||   369
       Headbutt          |    13 |    14 |    40 ||    67
       Rapier            |       |       |     5 ||     5
Invok: Divine Shield     |       |       |     1 ||     1
  Use: Potion            |       |       |     1 ||     1
  Eat: Chunk             |     1 |     3 |     8 ||    12
Armor: Scale mail        |    30 |       |       ||    30
       Chain mail        |    17 |    53 |    69 ||   139
Dodge: Dodged            |    23 |    20 |    47 ||    90
Block: Shield            |    35 |    53 |   107 ||   195
       Rpst.: Long sword |     6 |     5 |    11 ||    22

Table legend:
 A = Non-vault XP
 B = Vault XP
 C = Vault XP percentage of total XP
 D = Non-vault monster count
 E = Vault monster count
 F = Vault count percentage of total count
                 A         B        C        D         E       F
            +---------+---------+-------+---------+---------+-------
      Total |    1898 |     788 |  29.3 |     129 |       8 |   5.8
            +---------+---------+-------+---------+---------+-------
        D:1 |      47 |       0 |   0.0 |      27 |       0 |   0.0
        D:2 |       8 |      37 |  82.2 |       7 |       1 |  12.5
        D:3 |     176 |     288 |  62.1 |      36 |       2 |   5.3
        D:4 |     594 |       0 |   0.0 |      24 |       0 |   0.0
        D:5 |     247 |     391 |  61.3 |       8 |       3 |  27.3
        D:6 |     340 |      72 |  17.5 |      12 |       2 |  14.3
        D:7 |     486 |       0 |   0.0 |      15 |       0 |   0.0
            +---------+---------+-------+---------+---------+-------
